 Dungeon Crawl Stone Soup version bcrawl-1.17.3 (webtiles) character file.

Game seed: 4670687809195523297

38 Chiseanne the Skirmisher (level 3, -3/29 HPs)
             Began as a Mummy Archaeologist on Oct 25, 2019.
             Slain by Robin
             ... wielding a +2 dagger of electrocution
              (13 damage)
             ... on level 2 of the Dungeon.
             The game lasted 00:01:33 (1179 turns).

Chiseanne the Skirmisher (Mummy Archaeologist)      Turns: 1179, Time: 00:01:34

Health: -3/29      AC:  6    Str: 14    XL:     3   Next: 25%
Magic:  3/3        EV: 12    Int: 14    God:
Gold:   90         SH:  0    Dex: 10    Spells: 2/2 levels left

rFire    x . .     SeeInvis .   i - +0 short sword
rCold    + . .     Gourm    .   (no shield)
rNeg     + + +     Faith    .   b - +1 robe
rPois    ∞         Spirit   .   c - +1 hat
rElec    .         Reflect  .   (no cloak)
rCorr    .         Harm     .   (no gloves)
MR       .....     Clarity  +   d - +1 pair of boots
Stlth    ++........             (no amulet)
HPRegen  0.09/turn              (no ring)
MPRegen  0.08/turn              (no ring)

@: studying Short Blades
A: no food or potions, fire vulnerability, clarity, cold resistance 1, negative
energy resistance 3, torment resistance, unbreathing
a: no special abilities


You were on level 2 of the Dungeon.
You were not hungry.

You visited 1 branch of the dungeon, and saw 2 of its levels.

You collected 90 gold pieces.

Inventory:

Hand Weapons
 i - a +0 short sword (weapon)
Missiles
 a - 326 arrows
 h - a stone (quivered)
Armour
 b - a +1 robe (worn)
 c - a +1 hat (worn)
 d - a +1 pair of boots (worn)
Scrolls
 g - 2 scrolls of amnesia {unknown}
 j - a scroll of enchant armour {unknown}
 k - a scroll of identify {unknown}
Books
 e - a manual of Short Blades
Miscellaneous
 f - an ancient crate


   Skills:
 - Level 3.0 Fighting
 + Level 1.1 Short Blades
   Level 0.7 Maces & Flails
 - Level 2.4 Dodging
 - Level 2.6 Stealth


You had 2 spell levels left.
You didn't know any spells.
Your spell library was empty.

Dungeon Overview and Level Annotations

Branches:
Dungeon (2/12)

Altars:

Annotations:
D:2 Robin


Innate Abilities, Weirdness & Mutations

You do not eat or drink.
Your flesh is vulnerable to fire.
You are immune to poison.
You possess an exceptional clarity of mind.
Your flesh is cold resistant. (rC+)
You are immune to negative energy. (rN+++)
You are immune to unholy pain and torment.
You can survive without breathing.


Message History

You are too injured to fight recklessly!
You are too injured to fight recklessly!
You are too injured to fight recklessly!
You are too injured to fight recklessly!
You are too injured to fight recklessly!
You are too injured to fight recklessly!
You are too injured to fight recklessly!
You are too injured to fight recklessly!
You are too injured to fight recklessly!
You are too injured to fight recklessly!
You are too injured to fight recklessly!
You are too injured to fight recklessly!
You are too injured to fight recklessly!
You are too injured to fight recklessly!
You are too injured to fight recklessly!
The goblin shouts!
A hobgoblin comes into view. It is wielding a -1 club.
There is a stone staircase leading up here.
Robin hits you but does no damage.
You are electrocuted!
You die...

##.###.###...#
..
######..#######
#. #..g.......#
# #...g......#
#..>.......#
#..........#
#..........#
#.g.)......#
#>@)..÷....#
############


You could see Robin, a hobgoblin (wandering) and a goblin.

Vanquished Creatures
  A dart slug (D:1)
  A leopard gecko (D:1)
  A ball python (D:1)
  A bat (D:1)
  A giant cockroach (D:1)
  10 goblins
  4 hobgoblins
  6 kobolds (D:1)
  3 frilled lizards
  4 rats (D:1)
32 creatures vanquished.

Notes
Turn   | Place    | Note
-------+----------+-------------------------------------------
     0 | D:1      | Chiseanne the Mummy Archaeologist began the quest for the
                  | Orb.
     0 | D:1      | Reached XP level 1. HP: 15/15 MP: 1/1
   183 | D:1      | Reached skill level 2 in Fighting
   221 | D:1      | Reached XP level 2. HP: 20/22 MP: 2/2
   795 | D:2      | Noticed Robin
   818 | D:1      | Reached skill level 3 in Fighting
   823 | D:1      | Reached XP level 3. HP: 20/29 MP: 3/3
  1171 | D:2      | Reached skill level 1 in Short Blades
  1179 | D:2      | Slain by Robin

Skill      XL: |  1  2  3 |
---------------+----------+-----
Fighting       | 2 3 |  3.0
Short Blades   | 1 |  1.1
Maces & Flails | |  0.7
Dodging        | |  2.4
Stealth        | |  2.6

Action                   || total
-------------------------++-------
Melee: Whip              ||    35
       Short sword       ||    89
 Stab: Sleeping          ||     2
Armor: Robe              ||    53
Dodge: Dodged            ||    89
